 Dungeon Crawl Stone Soup version 0.20-a0-433-g9e36e56 (webtiles) character file.

2 Gorice the Vexing (level 1, 0/15 HPs)
             Began as a Demonspawn Arcane Marksman on Jan 3, 2017.
             Slain by a jackal (1 damage)
             ... on level 1 of the Dungeon.
             The game lasted 00:01:23 (74 turns).

Gorice the Vexing (Demonspawn Arcane Marksman)        Turns: 74, Time: 00:01:24

Health: 0/15       AC:  2    Str: 10    XL:     1   Next: 33%
Magic:  2/2        EV: 12    Int: 14    God:
Gold:   0          SH:  0    Dex: 13    Spells: 1/2 levels left

rFire  . . .     SeeInvis .     (no weapon)
rCold  . . .     Gourm    .     a - +0 robe
rNeg   . . .     Faith    .     (no shield)
rPois  .         Spirit   .     (no helmet)
rElec  .         Reflect  .     (no cloak)
rCorr  .         Harm     .     (no gloves)
MR     .....                    (no boots)
Stlth  +.........               (no amulet)
                                (no ring)
                                (no ring)

@: no status effects
A: no striking features
a: no special abilities


You were on level 1 of the Dungeon.
You were not hungry.

You visited 1 branch of the dungeon, and saw 1 of its levels.

Inventory:

Missiles
 Y - a throwing net
 Z - 6 stones (quivered)
Armour
 a - a +0 robe (worn)
Scrolls
 e - a scroll of immolation {unknown}
Potions
 d - 2 potions of curing {unknown}
Books
 b - a book of Debilitation
Comestibles
 f - a bread ration {!e}


   Skills:
 + Level 1.2 Fighting
 * Level 1.9 Throwing
 - Level 1.7 Dodging
 - Level 1.0 Spellcasting
 - Level 3.0 Hexes


You had one spell level left.
You knew the following spells:

 Your Spells              Type           Power        Failure   Level  Hunger
a - Corona                Hex            #......      10%         1    ##.....


Dungeon Overview and Level Annotations

Branches:
Dungeon (1/15)

Altars:


Message History

Press: ? - help, Shift-Dir - straight line, f/p - jackal
Aim: a jackal (heavily wounded, entangled in a net)
You throw a javelin. The javelin hits the jackal!
You kill the jackal!
Something bites the plant.
Something bites the plant but does no damage. x2
Something bites the plant.
The jackal bites the plant but does no damage.
Items here: ((( † a throwing net; 4 javelins; 12 stones; a jackal corpse Something bites the plant but does no damage. x2
Something bites the plant but does no damage.
The jackal bites the plant but does no damage.
You hit the plant.
The plant is lightly damaged.
The jackal bites the plant but does no damage.
The jackal bites the plant but does no damage.
The jackal bites the plant but does no damage. x2
The jackal bites the plant.
The jackal bites the plant but does no damage.
The jackal bites the plant.
The jackal bites the plant but does no damage. x2
The jackal bites the plant.
The jackal bites the plant but does no damage. x2
The jackal bites the plant.
Something bites the plant but does no damage.
There is a staircase leading out of the dungeon here.
Fire/throw which item? (* to show all) (? for menu, Esc to quit)
Press: ? - help, Shift-Dir - straight line, f - jackal
Aim: a jackal You throw a javelin.
The javelin barely misses the jackal.
The jackal bites you but does no damage.
The jackal completely misses you.
Throwing (i - inventory. (,) - cycle):
Z - 9 stones (quivered)
Press: ? - help, Shift-Dir - straight line, f/p - jackal
Aim: a jackal You throw a stone.
The stone hits the jackal.
The jackal is heavily wounded.
The jackal barely misses you.
Throwing (i - inventory. (,) - cycle):
Z - 8 stones (quivered)
Press: ? - help, Shift-Dir - straight line, f/p - jackal
Aim: a jackal (moderately wounded)
You throw a stone. The stone closely misses the jackal.
The jackal bites you.
* * * LOW HITPOINT WARNING * * *
Damage: 1 (max 1) Throwing (i - inventory. (,) - cycle):
Z - 7 stones (quivered)
Press: ? - help, Shift-Dir - straight line, f/p - jackal
Aim: a jackal (moderately wounded)
You throw a stone. The stone barely misses the jackal.
The jackal bites you.
You die...
P.PP.PP.PP.PP.PP.....
PP.P.PP.P.PP.P.PP.....
PP.P.P.PPP.P.P.PP)....
PP.P.PP.P.PP.P.PPh....
PP.PP.PP.PP.PP.PP#.?..
PPP.PP.PPP.PP.PPP#....
PPP.PPP...PPP.PPP# #+# PPPP..PPPPP..PPPP# PPPPPP.@h..PPPPPP# PPPPPPPPPPPPPPPPP#

.................#
################.#
..# #.# #


You could see a jackal.

Vanquished Creatures
  2 jackals (D:1)
2 creatures vanquished.

Notes
Turn   | Place    | Note
-------+----------+-------------------------------------------
     0 | D:1      | Gorice the Demonspawn Arcane Marksman began the quest for the Orb.
     0 | D:1      | Reached XP level 1. HP: 15/15 MP: 2/2
    41 | D:1      | HP: 4/15 [jackal (2)]
    45 | D:1      | HP: 1/15 [jackal (1)]
    73 | D:1      | HP: 1/15 [jackal (1)]
    74 | D:1      | Slain by a jackal

Vault maps used:
D:1:      roderic_crop_circles_arrival_small, minmay_octomino_j4

Action                   || total
-------------------------++-------
Melee: Unarmed           ||     1
Throw: Stone             ||    21
       Javelin           ||     5
       Throwing net      ||     1
Armor: Robe              ||     2
Dodge: Dodged            ||    19

Table legend:
 A = Turns spent in this place as a percentage of turns spent in the entire game.
 B = Non-inter-level travel turns spent in this place as a percentage of non-inter-level travel turns spent in the entire game.
 C = Inter-level travel turns spent in this place as a percentage of turns spent in this place.
 D = Turns resting spent in this place as a percentage of non-inter-level travel turns spent in this place.
 E = Turns spent auto-exploring this place as a percentage of non-inter-level travel turns spent in this place.
 F = Non-inter-level travel turns spent in this place divided by the number of levels of this place that you've seen.
                   A       B       C       D       E      F
               +-------+-------+-------+-------+-------+----------------------
         Total | 100.0 | 100.0 |   0.0 |   0.0 |   2.7 |  74.0
       Dungeon | 100.0 | 100.0 |   0.0 |   0.0 |   2.7 |  74.0
               +-------+-------+-------+-------+-------+----------------------

Vault maps used:
D:1:      roderic_crop_circles_arrival_small, minmay_octomino_j4
